 Dungeon Crawl Stone Soup version 0.30-b1-2-g02819fbbbe (webtiles) character file.

Game seed: 16185200823597844845

4410 Anon1729 the Fighter (level 10, -2/88 HPs)
             Began as a Minotaur Monk on Aug 25, 2023.
             Was an Elder of Uskayaw.
             Slain by a red ugly thing (23 damage)
             ... on level 8 of the Dungeon.
             The game lasted 00:03:33 (7690 turns).

Anon1729 the Fighter (Minotaur Monk)                Turns: 7690, Time: 00:03:34

Health: -2/88      AC:  3    Str: 15    XL:     10   Next: 14%
Magic:  13/13      EV: 18    Int:  7    God:    Uskayaw [****..]
Gold:   490        SH:  0    Dex: 24    Spells: 9/9 levels left

rFire   . . .        E - +2 dagger (elec)
rCold   . . .        d - orb {light}
rNeg    . . .        b - +0 robe
rPois   .            (helmet restricted)
rElec   .            p - +0 cloak
rCorr   .            (no gloves)
SInv    .            (no boots)
Will    +....        (no amulet)
Stlth   ++           n - +6 ring of dexterity
HPRegen 0.34/turn    O - ring of willpower
MPRegen 0.13/turn

%: no passive effects
@: lethally poisoned (-2 -> -4), glowing
A: horns 2, retaliatory headbutt
a: Renounce Religion, Stomp, Line Pass


You were on level 8 of the Dungeon.
You worshipped Uskayaw.
Uskayaw was noncommittal.
You visited 2 branches of the dungeon, and saw 9 of its levels.
You also visited: Sewer.

You collected 490 gold pieces.

Inventory:

Hand Weapons
 a - a +0 short sword
 q - the +3 short sword of Wumn {vamp, rC++}
   (You found it on level 3 of the Dungeon)

   rC:        It greatly protects you from cold.
 B - a +2 dagger of electrocution
 E - a +2 dagger of electrocution (weapon)
 J - a +2 dagger of venom
Missiles
 A - 4 curare-tipped darts (quivered)
Armour
 b - a +0 robe (worn)
 d - an orb of light (worn)
 p - a +0 cloak (worn)
Jewellery
 n - a +6 ring of dexterity (left hand)
 w - a ring of fire
 H - a ring of resist corrosion
 O - a ring of willpower (right hand)
Wands
 t - a wand of polymorph (3)
Scrolls
 f - 9 scrolls of identify {unknown}
 g - 2 scrolls of enchant armour {unknown}
 l - a scroll of acquirement {unknown}
 m - 3 scrolls of amnesia {unknown}
 o - 4 scrolls of teleportation {unknown}
 r - 2 scrolls of poison {unknown}
 u - a scroll of fear {unknown}
 x - 2 scrolls of fog {unknown}
 y - a scroll of blinking {unknown}
 C - a scroll of summoning {unknown}
 D - a scroll of silence {unknown}
 G - 2 scrolls of torment {unknown}
 I - a scroll of enchant weapon {unknown}
 M - a scroll of immolation {unknown}
 N - a scroll of magic mapping {unknown}
Potions
 c - 2 potions of ambrosia
 e - a potion of cancellation {unknown}
 h - 3 potions of might {unknown}
 i - 4 potions of curing {unknown}
 j - 3 potions of invisibility {unknown}
 k - 2 potions of heal wounds {unknown}
 s - 2 potions of mutation {unknown}
 v - 4 potions of lignification {unknown}
 z - 3 potions of resistance {unknown}
 F - a potion of degeneration {unknown}
 K - a potion of haste {unknown}
 L - a potion of brilliance {unknown}
 P - 2 potions of berserk rage {unknown}
 Q - a potion of attraction {unknown}
 R - a potion of flight {unknown}


   Skills:
 + Level 8.0 Fighting
 + Level 7.4 Short Blades
 + Level 7.1 Armour
 + Level 7.5 Dodging
 + Level 5.3 Stealth
 + Level 5.9 Invocations


You had 9 spell levels left.
You didn't know any spells.
Your spell library contained the following spells:

 Spells                   Type           Power      Damage    Failure   Level
 Summon Small Mammal      Summ           0%         N/A       43%         1
 Ensorcelled Hibernation  Hex/Ice        0%         N/A       56%         2
 Passwall                 Tmut/Erth      0%         N/A       56%         2
 Call Canine Familiar     Summ           0%         N/A       80%         3
 Summon Guardian Golem    Hex/Summ       0%         N/A       80%         3
 Swiftness                Air            0%         N/A       80%         3


Dungeon Overview and Level Annotations

Branches:
Dungeon (8/15)             Temple (1/1) D:4           Sewer (visited)
   Lair: D:8-11

Altars:
Ashenzari
Dithmenos
Fedhas
Gozag
Hepliaklqana
Kikubaaqudgha
Makhleb
Okawaru
Qazlal
Ru
Sif Muna
Uskayaw
Yredelemnul
The Shining One


Innate Abilities, Weirdness & Mutations

You have a pair of horns on your head.
You reflexively headbutt those who attack you in melee.


Message History

The red ugly thing is lightly wounded.
You feel sick.
The centaur shoots an arrow.
The arrow closely misses you. The red ugly thing closely misses you.
You hit the red ugly thing but do no damage.
The red ugly thing is lightly wounded.
You feel sick.
The centaur shoots an arrow.
The arrow hits you!
You hit the red ugly thing.
The red ugly thing is lightly wounded.
The red ugly thing punches you but does no damage.
The centaur shoots an arrow.
The arrow barely misses you.
Uskayaw will force your foes to share their pain.
Uskayaw links your audience in an emotional bond!
You hit the red ugly thing.
The red ugly thing is moderately wounded.
You feel sick. The red ugly thing punches you!
You are engulfed in flames!
* * * LOW HITPOINT WARNING * * *
The centaur shoots an arrow.
The arrow barely misses you.
You are too injured to fight recklessly!
You are too injured to fight recklessly!
You are too injured to fight recklessly!
You are too injured to fight recklessly!
You are too injured to fight recklessly!
You are too injured to fight recklessly!
You are too injured to fight recklessly!
You are too injured to fight recklessly!
You are too injured to fight recklessly!
You are too injured to fight recklessly!
You are too injured to fight recklessly!
You are too injured to fight recklessly!
You are too injured to fight recklessly!
You hit the red ugly thing but do no damage.
Your headbutt misses the red ugly thing.
The red ugly thing is moderately wounded.
You feel sick.
You hit the red ugly thing but do no damage.
The red ugly thing is moderately wounded.
The red ugly thing punches you.
* * * LOW HITPOINT WARNING * * *
You are engulfed in flames!!
You die...

#...#
#...###########.
#.............#.
###
#..>#########>#.
$$# ##.........#
...## ....
##.######.#
...##....# #.#
#...#8..8# #.#
#.####..u......
#.#
#......@.c.....
#.#
#######.###....
#.#
#######.###..##
#.#
#.....[......#
#.#
#.############
#.######.#
#........#
##########


You could see a red ugly thing (pain bonded) and a centaur (pain bonded).

Vanquished Creatures
  Pikel (D:4)
  A hornet (D:8)
  Grinder (D:4)
  Prince Ribbit (D:6)
  3 wyverns
  2 water moccasins (D:5)
  An ice beast (D:7)
  2 black bears
  2 ogres
  A phantom (D:5)
  4 kobold brigands
  9 bullfrogs
  Blork the orc (D:6)
  A scorpion (D:5)
  A gnoll sergeant (D:7)
  3 wights (D:6)
  A howler monkey (D:6)
  3 jellies
  3 orc priests
  A gnoll bouda (D:7)
  4 hounds
  A sleepcap (D:4)
  3 iguanas
  7 orc wizards
  11 gnolls
  2 river rats (Sewer)
  10 adders
  A white imp (D:5)
  3 ufetubi
  4 worms (Sewer)
  2 dart slugs
  32 orcs
  14 ball pythons
  8 endoplasms
  2 giant cockroaches (D:4)
  4 goblins
  4 hobgoblins
  3 jackals (D:4)
  16 kobolds
  A quokka (D:1)
  4 bats
  4 frilled lizards
  7 rats
189 creatures vanquished.

Notes
Turn   | Place    | Note
-------+----------+-------------------------------------------
     0 | D:1      | Anon1729 the Minotaur Monk began the quest for the Orb.
     0 | D:1      | Reached XP level 1. HP: 19/19 MP: 0/0
   121 | D:1      | You fall into a shaft and drop 1 floor!
   152 | D:2      | Found a faded altar of an unknown god.
   182 | D:2      | Reached XP level 2. HP: 16/27 MP: 1/1
   363 | D:2      | Reached skill level 1 in Armour
   366 | D:2      | Reached XP level 3. HP: 28/33 MP: 2/2
   662 | D:3      | Noticed a black bear
   677 | D:3      | Killed a black bear
   678 | D:3      | Reached skill level 4 in Fighting
   678 | D:3      | Reached skill level 1 in Stealth
   678 | D:3      | Reached skill level 1 in Invocations
   678 | D:3      | Reached XP level 4. HP: 21/40 MP: 2/4
   778 | D:3      | Identified the +3 short sword of Wumn {vamp, rC++}
   830 | D:3      | Found a shadowy altar of Dithmenos.
   992 | D:3      | Found a glowing drain.
   994 | D:3      | Reached XP level 5. HP: 47/47 MP: 5/5
  1003 | Sewer    | Entered a sewer
  1252 | Sewer    | Reached XP level 6. HP: 33/53 MP: 6/6
  1965 | D:3      | Found an iron altar of Okawaru.
  2858 | D:4      | Noticed Pikel
  2888 | D:4      | Killed Pikel
  2889 | D:4      | Reached skill level 5 in Fighting
  2889 | D:4      | Reached skill level 5 in Short Blades
  2889 | D:4      | Reached skill level 5 in Dodging
  2889 | D:4      | Reached XP level 7. HP: 52/61 MP: 6/8
  2949 | D:4      | Found a staircase to the Ecumenical Temple.
  2969 | D:4      | Noticed Grinder
  2977 | D:4      | Killed Grinder
  2978 | D:4      | Reached XP level 8. HP: 65/70 MP: 9/9
  3338 | D:4      | Reached skill level 6 in Fighting
  3721 | Temple   | Entered the Ecumenical Temple
  3791 | D:5      | Entered Level 5 of the Dungeon
  3918 | D:5      | Reached skill level 5 in Armour
  4845 | D:5      | Reached XP level 9. HP: 70/78 MP: 11/11
  5699 | D:6      | Found a hide-covered altar of Uskayaw.
  5714 | D:6      | Reached skill level 7 in Fighting
  5858 | D:6      | Noticed Prince Ribbit
  5865 | D:6      | Reached skill level 5 in Invocations
  5868 | D:6      | Killed Prince Ribbit
  5972 | D:6      | Noticed Blork the orc
  5974 | D:6      | Found a glowing golden altar of the Shining One.
  5977 | D:6      | Killed Blork the orc
  6280 | D:6      | Became a worshipper of Uskayaw the Reveller
  6280 | D:6      | Reached * piety under Uskayaw
  6300 | D:7      | Reached ** piety under Uskayaw
  6305 | D:7      | Reached *** piety under Uskayaw
  6600 | D:7      | Reached skill level 5 in Stealth
  6942 | D:7      | Found a shimmering blue altar of Sif Muna.
  6959 | D:7      | Found a hazy altar of Hepliaklqana.
  6973 | D:7      | Reached **** piety under Uskayaw
  6975 | D:7      | Reached ***** piety under Uskayaw
  7503 | D:8      | Reached XP level 10. HP: 84/88 MP: 13/13
  7524 | D:8      | Found a blossoming altar of Fedhas.
  7677 | D:8      | Noticed a red ugly thing
  7684 | D:8      | Reached skill level 8 in Fighting
  7690 | D:8      | Slain by a red ugly thing

Illustrated notes

Levels and vault maps discovered:
D:1:      amcnicky_arrival_choice, layout_basic
D:2:      layout_rooms, nicolae_ecumenical_oubliette
D:3:      layout_basic, mainiacjoe_overflow_paths, mainiacjoe_overflow_chevrons,
          portal_sewer_entry_a, nrook_campfire
D:4:      layout_loops_ring, temple_pool_b, mrwooster_statue_mirror, uniq_pikel,
          uniq_grinder
D:5:      layout_basic
D:6:      layout_cave_pods, mainiacjoe_overflow_24_doors, kennysheep_little_box,
          uniq_prince_ribbit1, uniq_blork_the_orc
D:7:      nicolae_cairo_tiling, layout_loops_ring,
          mainiacjoe_overflow_concentric_impassable,
          mainiacjoe_overflow_catwalk, nicolae_figureground_sparkle
D:8:      layout_loops_ring, lemuel_tele_altar, old_standard_altar,
          jmf_multi_god_temple, minmay_misc_feat_five
Temple:   nicolae_temple_ecumenical_triangle

Skill      XL: |  1  2  3  4  5  6  7  8  9 10 |
---------------+-------------------------------+-----
Armour         | 1 2 4 5 6 7 |  7.1
Fighting       | 4 5 6 7 8 |  8.0
Dodging        | 4 5 6 7 |  7.5
Stealth        | 1 2 3 4 5 |  5.3
Invocations    | 1 2 3 4 5 |  5.9
Short Blades   | 4 5 6 7 |  7.4

Action                     |  1- 3 |  4- 6 |  7- 9 | 10-12 || total
---------------------------+-------+-------+-------+-------++-------
  Melee: Short sword       |    51 |   147 |    60 |       ||   258
         Headbutt          |    10 |    23 |    82 |     8 ||   123
         Dagger            |       |       |   230 |    23 ||   253
   Stab: Sleeping          |       |     2 |     4 |       ||     6
         Paralysed         |       |       |     6 |     1 ||     7
 Armour: Robe              |    11 |    15 |    22 |     2 ||    50
  Dodge: Dodged            |    27 |    82 |   186 |    17 ||   312
